TOP OF THE 1ST |
Gwinnett Braves batting - Pitching for Colorado Springs Sky Sox : LHP Cooper Bate
|
Pitching: LHP Cooper Bate
|
|
Batting: RHB Neal Tinoco
|
0-0: SINGLE (Flyball, 9LS, EV 93.1 MPH)
|
Batting: RHB Bill Turnbull
|
0-0: Ball 1-0: Called Strike 1-1: Fly out, F9 (Flyball, 89D, EV 93.1 MPH)
|
Batting: RHB Jose Ramos
|
0-0: Fielders Choice at 2nd, 4-6 (Groundball, 4, EV 83.8 MPH)
|
Batting: RHB Jose Garate
|
0-0: Called Strike 0-1: Ball Jose Ramos is caught stealing 2nd base 2-4
|
Top of the 1st over - 0 runs, 1 hit, 0 errors, 0 left on base; Gwinnett 0 - Colorado Springs 0 |
BOTTOM OF THE 1ST |
Colorado Springs Sky Sox batting - Pitching for Gwinnett Braves : RHP Sean Geer
|
Pitching: RHP Sean Geer
|
|
Batting: LHB Steve Gilliam
|
0-0: Ball 1-0: Swinging Strike 1-1: Ball 2-1: Ball 3-1: Called Strike 3-2: Strikes out swinging
|
Batting: RHB Justin Williams
|
0-0: Ball 1-0: Swinging Strike 1-1: Foul Ball, location: 2F 1-2: Fly out, F9 (Flyball, 9, EV 90.0 MPH)
|
Batting: LHB Michael Krott
|
0-0: SINGLE (Groundball, 56D, EV 97.5 MPH)
|
Batting: SHB Chris Besselman
|
0-0: Foul Ball, location: 2F 0-1: Ball 1-1: SINGLE (Groundball, 34, EV 99.4 MPH) Michael Krott to second Runner from 2nd tries for 3rd, OUT! 9-5
|
Bottom of the 1st over - 0 runs, 2 hits, 0 errors, 1 left on base; Gwinnett 0 - Colorado Springs 0 |
TOP OF THE 2ND |
Gwinnett Braves batting - Pitching for Colorado Springs Sky Sox : LHP Cooper Bate
|
Batting: RHB Jose Garate
|
0-0: Swinging Strike 0-1: Ball 1-1: Foul Ball, location: 2F 1-2: Ground out 6-3 (Groundball, 6, EV 87.5 MPH)
|
Batting: RHB Mike Meeker
|
0-0: Ball 1-0: DOUBLE (Line Drive, 9LM, EV 106.2 MPH)
|
Batting: LHB Mark Buchholz
|
0-0: Foul Ball, location: 2F 0-1: Swinging Strike 0-2: Ball 1-2: Foul Ball, location: 2F 1-2: SINGLE (Line Drive, 4D, EV 96.9 MPH) Mike Meeker to third Runner from 3rd tries for Home, SAFE, throw by RF to home Mark Buchholz to second
|
Batting: RHB Jesse Lester
|
0-0: Ball Mark Buchholz is caught stealing 3rd base 2-5 1-0: Ball 2-0: Called Strike 2-1: Foul Ball, location: 2F 2-2: Ball 3-2: Base on Balls
|
Batting: RHB Johnny Burroughs
|
0-0: Ball 1-0: Foul Ball, location: 2F 1-1: Called Strike Jesse Lester steals 2nd base 1-2: Strikes out swinging
|
Top of the 2nd over - 1 run, 2 hits, 0 errors, 1 left on base; Gwinnett 1 - Colorado Springs 0 |
BOTTOM OF THE 2ND |
Colorado Springs Sky Sox batting - Pitching for Gwinnett Braves : RHP Sean Geer
|
Batting: SHB Andy Vivas
|
0-0: Ball 1-0: Called Strike 1-1: Ball 2-1: Ball 3-1: Base on Balls
|
Batting: RHB Heitaro Tanaka
|
0-0: SINGLE (Groundball, 34, EV 103.1 MPH) (infield hit) Andy Vivas to second
|
Batting: RHB Devine Adams
|
0-0: Swinging Strike 0-1: Ball 1-1: Foul Ball, location: 2F 1-2: Ball 2-2: Strikes out looking
|
Batting: RHB Scott Schwartz
|
0-0: Ball 1-0: Called Strike 1-1: Called Strike 1-2: Foul Ball, location: 2F 1-2: Fielders Choice at 2nd, 5-4 (Groundball, 56, EV 80.0 MPH) Andy Vivas to third
|
Batting: RHB Andy Schuett
|
0-0: Called Strike 0-1: Ball 1-1: Ground out U3 (Groundball, 3, EV 86.2 MPH)
|
Bottom of the 2nd over - 0 runs, 1 hit, 0 errors, 2 left on base; Gwinnett 1 - Colorado Springs 0 |
TOP OF THE 3RD |
Gwinnett Braves batting - Pitching for Colorado Springs Sky Sox : LHP Cooper Bate
|
Batting: LHB Luis Cruz
|
0-0: Foul Ball, location: 2F 0-1: Ball 1-1: Called Strike 1-2: Foul Ball, location: 2F 1-2: Strikes out swinging
|
Batting: RHB Neal Tinoco
|
0-0: Foul Ball, location: 2F 0-1: Ball 1-1: Swinging Strike 1-2: Foul Ball, location: 2F 1-2: Ball 2-2: Strikes out looking
|
Batting: RHB Bill Turnbull
|
0-0: Called Strike 0-1: Ball 1-1: Fly out, F6 (Line Drive, 6, EV 65.6 MPH)
|
Top of the 3rd over - 0 runs, 0 hits, 0 errors, 0 left on base; Gwinnett 1 - Colorado Springs 0 |
BOTTOM OF THE 3RD |
Colorado Springs Sky Sox batting - Pitching for Gwinnett Braves : RHP Sean Geer
|
Batting: LHB Steve Gilliam
|
0-0: Ball 1-0: Foul Ball, location: 2F 1-1: Ball 2-1: SINGLE (Flyball, 5D, EV 95.0 MPH)
|
Batting: RHB Justin Williams
|
0-0: Called Strike Steve Gilliam steals 2nd base (no throw) 0-1: Ball 1-1: Ball 2-1: Ground out 6-3 (Groundball, 6S, EV 81.9 MPH) Steve Gilliam to third
|
Batting: LHB Michael Krott
|
0-0: Foul Ball, location: 2F 0-1: Ground out 4-3 (Groundball, 34, EV 90.0 MPH) Steve Gilliam scores
|
Batting: SHB Chris Besselman
|
0-0: Called Strike 0-1: Ball 1-1: Ground out 6-3 (Groundball, 6MD, EV 85.6 MPH)
|
Bottom of the 3rd over - 1 run, 1 hit, 0 errors, 0 left on base; Gwinnett 1 - Colorado Springs 1 |
TOP OF THE 4TH |
Gwinnett Braves batting - Pitching for Colorado Springs Sky Sox : LHP Cooper Bate
|
Batting: RHB Jose Ramos
|
0-0: Foul Ball, location: 2F 0-1: Foul Ball, location: 2F 0-2: Ball 1-2: Strikes out looking
|
Batting: RHB Jose Garate
|
0-0: Fly out, F8 (Flyball, 8LM, EV 85.0 MPH)
|
Batting: RHB Mike Meeker
|
0-0: Called Strike 0-1: Ball 1-1: Called Strike 1-2: Ball 2-2: Ball 3-2: Foul Ball, location: 2F 3-2: Fly out, F7 (Line Drive, 78S, EV 87.5 MPH)
|
Top of the 4th over - 0 runs, 0 hits, 0 errors, 0 left on base; Gwinnett 1 - Colorado Springs 1 |
BOTTOM OF THE 4TH |
Colorado Springs Sky Sox batting - Pitching for Gwinnett Braves : RHP Sean Geer
|
Batting: SHB Andy Vivas
|
0-0: Ball 1-0: Ball 2-0: Called Strike 2-1: Called Strike 2-2: Ball 3-2: Foul Ball, location: 2F 3-2: Base on Balls
|
Batting: RHB Heitaro Tanaka
|
0-0: Ball 1-0: Called Strike 1-1: Fly out, F7 (Flyball, 7, EV 82.5 MPH)
|
Pitching: LHP Danny Frizzell
|
|
Batting: RHB Devine Adams
|
0-0: Grounds into double play, 5-4-3 (Groundball, 56, EV 101.9 MPH)
|
Bottom of the 4th over - 0 runs, 0 hits, 0 errors, 0 left on base; Gwinnett 1 - Colorado Springs 1 |
TOP OF THE 5TH |
Gwinnett Braves batting - Pitching for Colorado Springs Sky Sox : LHP Cooper Bate
|
Batting: LHB Mark Buchholz
|
0-0: Foul Ball, location: 2F 0-1: Swinging Strike 0-2: Foul Ball, location: 2F 0-2: Ground out 4-3 (Groundball, 4S, EV 77.5 MPH)
|
Batting: RHB Jesse Lester
|
0-0: Ball 1-0: Foul Ball, location: 2F 1-1: Swinging Strike 1-2: Strikes out swinging
|
Batting: RHB Johnny Burroughs
|
0-0: Called Strike 0-1: Ball 1-1: Ball 2-1: Ball 3-1: Base on Balls
|
Batting: LHB Luis Cruz
|
0-0: Ball 1-0: Fly out, F7 (Flyball, 78S, EV 93.1 MPH)
|
Top of the 5th over - 0 runs, 0 hits, 0 errors, 1 left on base; Gwinnett 1 - Colorado Springs 1 |
BOTTOM OF THE 5TH |
Colorado Springs Sky Sox batting - Pitching for Gwinnett Braves : LHP Danny Frizzell
|
Batting: RHB Scott Schwartz
|
0-0: Called Strike 0-1: Ball 1-1: Fly out, F9 (Flyball, 9, EV 88.1 MPH)
|
Batting: RHB Andy Schuett
|
0-0: Foul Ball, location: 2F 0-1: Called Strike 0-2: SOLO HOME RUN (Flyball, 7LD, EV 98.1 MPH), Distance : 376 ft
|
Batting: LHB Steve Gilliam
|
0-0: Swinging Strike 0-1: Foul Ball, location: 2F 0-2: Foul Ball, location: 2F 0-2: Ball 1-2: Ball 2-2: Foul Ball, location: 2F 2-2: Ball 3-2: Ground out 1-3 (Groundball, 13, EV 68.1 MPH)
|
Batting: RHB Justin Williams
|
0-0: Ball 1-0: Swinging Strike 1-1: Foul Ball, location: 2F 1-2: Foul Ball, location: 2F 1-2: Ball 2-2: Foul Ball, location: 2F 2-2: Ball 3-2: Fly out, F4 (Line Drive, 34, EV 63.1 MPH)
|
Bottom of the 5th over - 1 run, 1 hit, 0 errors, 0 left on base; Gwinnett 1 - Colorado Springs 2 |
TOP OF THE 6TH |
Gwinnett Braves batting - Pitching for Colorado Springs Sky Sox : LHP Cooper Bate
|
Batting: RHB Neal Tinoco
|
0-0: Ball 1-0: Ball 2-0: Ball 3-0: Called Strike 3-1: Called Strike 3-2: Fly out, F4 (Popup, 4S, EV 71.2 MPH)
|
Batting: RHB Bill Turnbull
|
0-0: Ground out 5-3 (Groundball, 56, EV 108.8 MPH)
|
Batting: RHB Jose Ramos
|
0-0: SINGLE (Groundball, 6S, EV 71.9 MPH) (infield hit)
|
Batting: RHB Jose Garate
|
0-0: Ball 1-0: Ball 2-0: Ground out 5-3 (Groundball, 56S, EV 80.6 MPH)
|
Top of the 6th over - 0 runs, 1 hit, 0 errors, 1 left on base; Gwinnett 1 - Colorado Springs 2 |
BOTTOM OF THE 6TH |
Colorado Springs Sky Sox batting - Pitching for Gwinnett Braves : LHP Danny Frizzell
|
Batting: LHB Michael Krott
|
0-0: Ball 1-0: Foul Ball, location: 2F 1-1: Swinging Strike 1-2: Ball 2-2: Ball 3-2: Foul Ball, location: 2F 3-2: SINGLE (Groundball, 4MD, EV 98.8 MPH)
|
Batting: SHB Chris Besselman
|
0-0: Called Strike 0-1: Called Strike Michael Krott is caught stealing 2nd base 2-4 0-2: Ground out 6-3 (Groundball, 4MD, EV 105.0 MPH)
|
Batting: SHB Andy Vivas
|
0-0: Called Strike 0-1: Ball 1-1: Foul Ball, location: 2F 1-2: Ball 2-2: Strikes out swinging
|
Bottom of the 6th over - 0 runs, 1 hit, 0 errors, 0 left on base; Gwinnett 1 - Colorado Springs 2 |
TOP OF THE 7TH |
Gwinnett Braves batting - Pitching for Colorado Springs Sky Sox : LHP Cooper Bate
|
Batting: RHB Mike Meeker
|
0-0: Called Strike 0-1: Ground out 6-3 (Groundball, 6, EV 104.4 MPH)
|
Batting: LHB Mark Buchholz
|
0-0: Ball 1-0: Ball 2-0: SINGLE (Line Drive, 89S, EV 98.8 MPH)
|
Batting: RHB Jesse Lester
|
0-0: Ball 1-0: Called Strike 1-1: SINGLE (Groundball, 6MD, EV 101.2 MPH) Mark Buchholz to second
|
Batting: RHB Johnny Burroughs
|
0-0: Ball 1-0: DOUBLE (Groundball, 5L, EV 104.4 MPH) Mark Buchholz scores Jesse Lester to third
|
Batting: LHB Luis Cruz
|
0-0: SINGLE (Groundball, 34D, EV 97.5 MPH) Jesse Lester scores Johnny Burroughs to third Runner from 3rd tries for Home, SAFE, throw by RF to home
|
Batting: RHB Neal Tinoco
|
0-0: Foul Ball, location: 2F 0-1: Ball 1-1: Called Strike 1-2: Ball 2-2: Foul Ball, location: 2F 2-2: Ball 3-2: Base on Balls Luis Cruz to second
|
Batting: RHB Bill Turnbull
|
0-0: Called Strike 0-1: Foul Ball, location: 2F 0-2: Strikes out swinging
|
Pitching: LHP Eric Zielinski
|
|
Batting: RHB Jose Ramos
|
0-0: SINGLE (Line Drive, 34D, EV 100.0 MPH) Luis Cruz to third Neal Tinoco to second Runner from 3rd tries for Home, SAFE, throw by RF to home
|
Batting: RHB Jose Garate
|
0-0: Ball 1-0: SINGLE (Line Drive, 7S, EV 93.8 MPH) Neal Tinoco to third Jose Ramos to second Throwing error, E7 Neal Tinoco scores Jose Ramos to third Jose Garate to second
|
Pitching: RHP Gerardo Flores
|
|
Batting: RHB Mike Meeker
|
0-0: Foul Ball, location: 2F 0-1: Ball 1-1: Swinging Strike 1-2: Foul Ball, location: 2F 1-2: Strikes out swinging
|
Top of the 7th over - 5 runs, 6 hits, 1 error, 2 left on base; Gwinnett 6 - Colorado Springs 2 |
BOTTOM OF THE 7TH |
Colorado Springs Sky Sox batting - Pitching for Gwinnett Braves : LHP Danny Frizzell
|
Pitching: RHP Jonathan Ballejos
|
|
Batting: RHB Heitaro Tanaka
|
0-0: Called Strike 0-1: Ball 1-1: Foul Ball, location: 2F 1-2: Ball 2-2: Reached on error, E1 (Groundball, 15S, EV 65.0 MPH)
|
Batting: RHB Devine Adams
|
0-0: Swinging Strike 0-1: Called Strike 0-2: Foul Ball, location: 2F 0-2: Ball 1-2: Strikes out swinging
|
Batting: RHB Scott Schwartz
|
0-0: Ball 1-0: DOUBLE (Line Drive, 3D, EV 98.1 MPH) Heitaro Tanaka to third
|
Batting: RHB Andy Schuett
|
0-0: Called Strike 0-1: Ball 1-1: Ball 2-1: Ball 3-1: Called Strike 3-2: Base on Balls
|
Batting: LHB Steve Gilliam
|
0-0: SINGLE (Groundball, 6MS, EV 64.4 MPH) (infield hit) Heitaro Tanaka scores Scott Schwartz to third Andy Schuett to second
|
Batting: RHB Justin Williams
|
0-0: Called Strike 0-1: Ball 1-1: Foul Ball, location: 2F 1-2: Foul Ball, location: 2F 1-2: Strikes out looking
|
Batting: LHB Michael Krott
|
0-0: Ball 1-0: Reached on error, E1 (Groundball, 15S, EV 72.5 MPH) Scott Schwartz scores Andy Schuett to third Steve Gilliam to second
|
Batting: SHB Chris Besselman
|
0-0: Foul Ball, location: 2F 0-1: Foul Ball, location: 2F 0-2: Fly out, F6 (Popup, 6MS, EV 80.6 MPH)
|
Bottom of the 7th over - 2 runs, 2 hits, 2 errors, 3 left on base; Gwinnett 6 - Colorado Springs 4 |
TOP OF THE 8TH |
Gwinnett Braves batting - Pitching for Colorado Springs Sky Sox : RHP Gerardo Flores
|
Batting: LHB Mark Buchholz
|
0-0: Ball 1-0: Ball 2-0: Called Strike 2-1: Foul Ball, location: 2F 2-2: Ground out U3 (Groundball, 3L, EV 80.6 MPH)
|
Batting: RHB Jesse Lester
|
0-0: Ball 1-0: Ball 2-0: Ball 3-0: Called Strike 3-1: Base on Balls
|
Batting: RHB Johnny Burroughs
|
0-0: Called Strike 0-1: Foul Ball, location: 2F 0-2: Ball 1-2: Strikes out looking
|
Batting: LHB Luis Cruz
|
0-0: Swinging Strike 0-1: Called Strike Jesse Lester steals 2nd, throwing error, E2 Jesse Lester to third 0-2: Foul Ball, location: 2F 0-2: Strikes out swinging
|
Top of the 8th over - 0 runs, 0 hits, 1 error, 1 left on base; Gwinnett 6 - Colorado Springs 4 |
BOTTOM OF THE 8TH |
Colorado Springs Sky Sox batting - Pitching for Gwinnett Braves : RHP Jonathan Ballejos
|
Pitching: RHP Larry Stegall
|
|
Batting: SHB Andy Vivas
|
0-0: Ball 1-0: Called Strike 1-1: Foul Ball, location: 2F 1-2: Ground out 6-3 (Groundball, 6, EV 83.8 MPH)
|
Pinch Hitting: LHB Chris Salim
|
0-0: Called Strike 0-1: Ball 1-1: Called Strike 1-2: Ball 2-2: Foul Ball, location: 2F 2-2: Ball 3-2: Ground out 4-3 (Groundball, 4, EV 101.9 MPH)
|
Batting: RHB Devine Adams
|
0-0: Called Strike 0-1: Called Strike 0-2: Fly out, F9 (Flyball, 9D, EV 98.1 MPH)
|
Bottom of the 8th over - 0 runs, 0 hits, 0 errors, 0 left on base; Gwinnett 6 - Colorado Springs 4 |
TOP OF THE 9TH |
Gwinnett Braves batting - Pitching for Colorado Springs Sky Sox : RHP Gerardo Flores
|
Pitching: RHP Trey Price
|
|
Now in LF: Chris Salim
|
|
Batting: RHB Neal Tinoco
|
0-0: Swinging Strike 0-1: Ground out 6-3 (Groundball, 6M, EV 80.6 MPH)
|
Batting: RHB Bill Turnbull
|
0-0: Ball 1-0: Ball 2-0: SINGLE (Groundball, 4MD, EV 105.0 MPH)
|
Batting: RHB Jose Ramos
|
0-0: Called Strike 0-1: Ball 1-1: Foul Ball, location: 2F 1-2: Strikes out looking
|
Batting: RHB Jose Garate
|
0-0: Fielders Choice at 2nd, 5-4 (Groundball, 56, EV 85.0 MPH)
|
Top of the 9th over - 0 runs, 1 hit, 0 errors, 1 left on base; Gwinnett 6 - Colorado Springs 4 |
BOTTOM OF THE 9TH |
Colorado Springs Sky Sox batting - Pitching for Gwinnett Braves : RHP Larry Stegall
|
Pitching: LHP Justin Sullins
|
|
Batting: RHB Scott Schwartz
|
0-0: Ball 1-0: Called Strike 1-1: Ball 2-1: Ball 3-1: Foul Ball, location: 2F 3-2: SINGLE (Groundball, 56D, EV 105.6 MPH)
|
Batting: RHB Andy Schuett
|
0-0: DOUBLE (Line Drive, 7LD, EV 100.6 MPH) Scott Schwartz to third
|
Pinch Hitting: RHB Bobby Bowman
|
0-0: Called Strike 0-1: Swinging Strike 0-2: Ball 1-2: SINGLE (Line Drive, 89S, EV 110.0 MPH) Scott Schwartz scores Andy Schuett to third Runner from 3rd tries for Home, throw by RF and OUT! 9-2
|
Batting: RHB Justin Williams
|
0-0: Ball 1-0: Ball 2-0: Ball 3-0: Grounds into double play, 6-4-3 (Groundball, 6, EV 85.0 MPH)
|
Bottom of the 9th over - 1 run, 3 hits, 0 errors, 0 left on base; Gwinnett 6 - Colorado Springs 5 |
|